Map: Catalyst LE

Players

Crates - Winner!

  • Race: Zerg Zerg
  • Spawn Location: 5:00

fruitcake

  • Race: Terran Terran
  • Spawn Location: 11:00

VOD

Have the link to the VOD?

Description

Time

  • Played on: May 10, 2018, 4:54 p.m.
  • Length: 4:25
Show
View Real Time Build Order
Export as new Build Order

Crates Zerg - Winner!

Build Orders: Pool First 

Get SALT Encoding   

  12  0:02  Drone  
  13  0:08  Drone  
  14  0:16  Overlord  
  14  0:34  Spawning Pool  
  13  0:38  Drone  
  13  0:41  Drone  
  15  0:45  Drone  
  16  0:54  Extractor  
  16  0:55  Drone  
  16  0:59  Drone  
  17  1:10  Drone  
  18  1:21  Drone  
  19  1:28  Roach Warren  
  19  1:31  Drone  
  19  1:34  Queen  
  21  1:52  Hatchery  
  21  1:54  Drone  
  21  2:10  Overlord  
  21  2:16  Overlord x2  
  21  2:30  Roach  
  23  2:37  Roach  
  23  2:42  Roach  
  23  2:44  Roach x2  
  31  2:53  Roach  
  33  3:00  Roach  
  35  3:07  Roach  
  35  3:12  Roach  
  39  3:17  Roach  
  41  3:20  Roach  
  41  3:23  Roach  
  41  3:25  Drone  
  46  3:39  Drone x2, Extractor  
  46  3:40  Drone  
  48  4:02  Roach x2  
Show
View Real Time Build Order
Export as new Build Order

fruitcake Terran 

Build Orders:  

Get SALT Encoding   

  12  0:00  SCV  
  13  0:21  SCV  
  14  0:23  Supply Depot  
  14  0:25  Refinery  
  14  0:33  SCV  
  15  0:49  Barracks  
  15  0:55  SCV  
  16  1:01  Refinery  
  16  1:07  SCV  
  17  1:19  SCV  
  18  1:29  Supply Depot  
  18  1:31  SCV  
  19  1:37  Reaper  
  20  1:43  SCV  
  21  1:49  Barracks  
  21  2:09  Marine  
  22  2:27  Marine  
  24  2:45  Barracks Reactor  
  23  2:56  Barracks Tech Lab  
  23  3:05  Supply Depot  
  23  3:07  SCV  
  24  3:16  Reaper  
  24  3:17  Supply Depot  
  24  3:19  SCV  
  26  3:21  Reaper  
  26  3:22  Reaper  
  28  3:31  SCV  
  29  3:48  Reaper  
Tags
 
Add a new tag
Caveats
  • Supply blocks, unpowered buildings, or Contaminate may cause inaccurate times.
  • Supply counts are checked every 10 seconds.